 Dungeon Crawl Stone Soup version 0.18.1-48-g4cf74bf (webtiles) character file.

46022 matakusis the Convoker (level 14, 0/68 HPs)
             Began as a Deep Elf Summoner on June 27, 2016.
             Was the Champion of Sif Muna.
             Slain by a sixfirhy (8 damage)
             ... summoned by an orc sorcerer
             ... on level 2 of the Orcish Mines.
             The game lasted 03:30:05 (25138 turns).

matakusis the Convoker (Deep Elf Summoner)         Turns: 25138, Time: 03:30:06

Health: 0/68       AC:  8    Str:  5    XL:     14   Next: 3%
Magic:  0/36       EV: 15    Int: 32    God:    Sif Muna [******]
Gold:   1856       SH:  9    Dex: 15    Spells: 10 memorised, 8 levels left

rFire  + . .     SeeInvis .     y - staff of summoning
rCold  . . .     Gourm    .     w - +0 robe {MR+}
rNeg   . . .     Faith    .     B - +3 buckler
rPois  .         Spirit   +     k - +2 helmet {Int+3}
rElec  .         Dismiss  .     R - +1 cloak {rF+}
rCorr  .         Reflect  .     d - +0 pair of gloves
SustAt .         Harm     .     (no boots)
MR     +++..                    I - amulet of guardian spirit
Stlth  ++........               T - ring "Nicink" {MR+ Int+3}
                                n - ring of wizardry

@: very slightly contaminated, hasted, very quick, extremely resistant to
hostile enchantments, unstealthy
A: no striking features
a: Channel Energy, Forget Spell, Renounce Religion


You were on level 2 of the Orcish Mines.
You worshipped Sif Muna.
Sif Muna was exalted by your worship.
You were not hungry.

You visited 4 branches of the dungeon, and saw 23 of its levels.
You also visited: Volcano.

You collected 2076 gold pieces.
You spent 220 gold pieces at shops.

Inventory:

Hand Weapons
 F - the +0 dagger "Jismoekiwk" {vamp, +Fly rC+ Dex-3}
   (You found it on level 6 of the Dungeon)

   It inflicts no extra harm, but heals its wielder somewhat when it strikes a
   living foe.
   It affects your dexterity (-3).
   It protects you from cold.
   It lets you fly.
Missiles
 h - 6 throwing nets (quivered)
Armour
 a - a +0 swamp dragon armour
 d - a +0 pair of gloves (worn)
 k - a +2 helmet of intelligence (worn)
 w - a +0 robe of magic resistance (worn)
 B - a +3 buckler (worn)
 D - a +2 robe of cold resistance
 R - a +1 cloak of fire resistance (worn)
Magical Staves
 y - an uncursed staff of summoning (weapon)
 E - an uncursed staff of death
Jewellery
 n - a ring of wizardry (left hand)
 o - an uncursed ring of wizardry
 I - an amulet of guardian spirit (around neck)
 T - the ring "Nicink" (right hand) {MR+ Int+3}
   (You found it on level 2 of the Lair of Beasts)

   [ring of intelligence]

   It affects your intelligence (+3).
   It affects your resistance to hostile enchantments.
 Z - an uncursed ring of ice
Wands
 e - a wand of disintegration (15/24)
 j - a wand of digging (6/24)
 t - a wand of acid (12/15)
 C - a wand of enslavement (24/24)
 Y - a wand of lightning (10/15)
Scrolls
 g - 16 scrolls of remove curse
 q - 2 scrolls of identify
 u - 3 scrolls of fog
 v - 8 scrolls of teleportation
 J - a scroll of fear
 V - a scroll of summoning
 W - a scroll of enchant armour
Potions
 f - 4 potions of cure mutation
 i - 2 potions of curing
 l - a potion of invisibility
 r - 3 potions of lignification
 s - 2 potions of agility
 z - 2 potions of haste
 H - 3 potions of resistance
 N - 5 potions of flight
 S - 2 potions of brilliance
Books
 m - an Akashic Record

   Spells                             Type                      Level
   a - Dispersal                      Translocation                6
   b - Malign Gateway                 Summoning/Translocation      7
   c - Disjunction                    Translocation                8
   d - Controlled Blink               Translocation                8
 G - Sif Muna's Incunabulum of Dark Magic and Malediction
   (Sif Muna gifted it to you on level 12 of the Dungeon)

   Spells                             Type                      Level
   a - Animate Dead                   Necromancy                   4
   b - Yara's Violent Unravelling     Hexes/Transmutation          5
   c - Summon Mana Viper              Hexes/Summoning              5
   d - Haunt                          Necromancy/Summoning         7
 K - a book of Debilitation

   Spells                             Type                      Level
   a - Corona                         Hexes                        1
   b - Slow                           Hexes                        2
   c - Gell's Gravitas                Hexes/Translocation          3
   d - Inner Flame                    Hexes/Fire                   3
   e - Cause Fear                     Hexes                        4
   f - Leda's Liquefaction            Hexes/Earth                  4
 L - a book of Death

   Spells                             Type                      Level
   a - Corpse Rot                     Necromancy                   2
   b - Sublimation of Blood           Necromancy                   2
   c - Agony                          Necromancy                   5
   d - Dispel Undead                  Necromancy                   5
   e - Excruciating Wounds            Charms/Necromancy            5
   f - Bolt of Draining               Conjuration/Necromancy       5
Miscellaneous
 b - a phantom mirror
 p - a lamp of fire
 M - a sack of spiders {used: 1}
 O - a sack of spiders
 X - a fan of gales (inert)
Comestibles
 c - 11 bread rations
 x - 31 fruits
 P - 5 beef jerkies


   Skills:
 + Level 0.4 Staves
 * Level 5.8 Dodging
 - Level 2.4 Stealth
 * Level 7.1 Shields
 + Level 16.8 Spellcasting
 * Level 4.0 Conjurations
 * Level 18.4 Summonings
 - Level 1.0 Necromancy


You had 8 spell levels left.
You knew the following spells:

 Your Spells              Type           Power        Failure   Level  Hunger
a - Summon Ice Beast      Ice/Summ       #######.     1%          4    None
b - Call Imp              Summ           ########     0%          2    None
c - Summon Guardian Gole  Hex/Summ       #######.     1%          3    None
d - Summon Lightning Spi  Summ/Air       #######.     1%          4    None
e - Cause Fear            Hex            ####......   7%          4    None
f - Haunt                 Necr/Summ      #######...   12%         7    ####...
g - Bolt of Draining      Conj/Necr      #####.....   7%          5    None
h - Cure Poison           Pois           ####......   1%          2    None
i - Corpse Rot            Necr           N/A          1%          2    None
j - Summon Mana Viper     Hex/Summ       #######.     1%          5    None


Dungeon Overview and Level Annotations

Branches:
Dungeon (12/15)            Temple (1/1) D:5            Lair (8/8) D:10
 Shoals (0/4) Lair:6       Spider (0/4) Lair:6        Slime (0/6) Lair:7
    Orc (2/2) D:12            Elf (0/3) Orc:2

Altars:
Ashenzari
Cheibriados
Dithmenos
Elyvilon
Fedhas
Gozag
Kikubaaqudgha
Makhleb
Nemelex Xobeh
Okawaru
Pakellas
Qazlal
Ru
Sif Muna
Trog
Vehumet
Xom
Yredelemnul
Zin
The Shining One
Beogh

Shops:
D:7 (   Orc:2 ?!


Message History

* * * LOW HITPOINT WARNING * * *
The sixfirhy shocks you!
* * * LOW HITPOINT WARNING * * *
Casting: Haunt
Confirm with . or Enter, or press ? or * to list all spells.
You don't have enough magic to cast that spell.
Drink which item? (? for menu, Esc to quit)
You feel better.
The sixfirhy barely misses you. x2; The sixfirhy misses you.
You block the sixfirhy's attack. You block the sixfirhy's attack.
Things that are here:
a flail; a scale mail
Items here: ))) [[ ÷÷ Drink which item? (? for menu, Esc to quit)
You feel yourself speed up.
You are very lightly contaminated with residual magic.
The sixfirhy misses you. The sixfirhy hits you!
* * * LOW HITPOINT WARNING * * *
The sixfirhy shocks you!
You die...

##∩.∩###............_.
##...).###.............
##..#.#..###............
##......)..###...........
##...#.#.#.)(###...##.....
#....)).))).))###........#
#..#.#.))).#)#)(###.......#
..##..).#4(.)##.[####..#..#
##...###@.)###..###......
##.).## ##.(.###).###....#
##...## ##...###..##(...#
##..(## ##...###..).8.#.
##...## ##(..###.)))...
##.#)##. 4##.#.###).....
#...##..# #)o##...###.....
##.#.##..# #WW# #.###.#...#
##..4##..###..# ## ###.<..


You could see a sixfirhy.

Vanquished Creatures
  An orc knight (Orc:2)
  A blink frog (Lair:8)
  An ice beast (D:12)
  A crocodile (Lair:8)
  2 giant frogs
  A crimson imp (D:7)
  An orc priest (D:4)
  An orc wizard (D:4)
  Natasha (D:2)
  2 oozes
  A dart slug (D:1)
  A giant gecko (D:2)
  2 orcs
  A ball python (D:4)
  4 bats
  A giant cockroach (D:2)
  A hobgoblin (D:1)
  A kobold (D:2)
  A quokka (D:6)
  A giant newt (D:2)
  2 rats (D:1)
28 creatures vanquished.

Vanquished Creatures (collateral kills)
  Snorg (Lair:4)
  Fannar (Lair:1)
  2 catoblepae
  Harold (Lair:1)
  5 hydras
  The ghost of Turgon the Cleaver, a novice DDFi of Makhleb (D:12)
  8 death yaks (Lair:7)
  A queen ant (Lair:4)
  Urug (Lair:2)
  5 orc high priests
  A soul eater (Orc:2)
  An unseen horror (D:10)
  A gelid demonspawn (Orc:2)
  Pikel (D:4)
  2 hill giants (D:11)
  7 orc knights
  2 lindwurms
  5 orc sorcerers
  2 griffons
  12 elephants
  An ugly thing (D:12)
  A manticore (D:12)
  A sixfirhy (Orc:2)
  A centaur zombie (D:10)
  4 black mambas
  A torpor snail (Lair:4)
  A gargoyle (D:9)
  22 spiny frogs
  4 centaur skeletons
  A kobold demonologist (D:7)
  An orange demon (Orc:2)
  2 rime drakes
  7 komodo dragons
  A demonic crawler (Lair:6)
  3 trolls
  The ghost of alexandrvrp the Slasher, a novice VSGl of Cheibriados (D:6)
  5 polar bears
  5 giant leeches (Lair:8)
  3 red devils (Orc:2)
  A boulder beetle (Lair:8)
  Prince Ribbit (Lair:1)
  2 two-headed ogres
  Grinder (D:5)
  34 blink frogs
  A ynoxinul (Orc:2)
  9 spriggans
  Eustachio (D:5)
  58 yaks
  3 basilisks
  12 hippogriffs
  5 hungry ghosts
  6 vampire mosquitoes (Lair:8)
  A warg (Orc:2)
  20 soldier ants (Lair:4)
  16 water moccasins
  9 porcupines
  43 orc warriors
  6 ice beasts
  A sky beast (D:10)
  3 black bears (Lair:1)
  2 wasps
  4 phantoms
  6 necrophages (Lair:2)
  9 ogres
  2 slaves (D:4)
  7 centaurs
  12 wolves
  18 crocodiles
  A big kobold (D:8)
  25 giant frogs
  A gnoll sergeant (D:11)
  3 wyvern zombies
  A wyvern skeleton (D:10)
  5 scorpions
  4 wights
  6 howler monkeys
  4 electric eels
  5 crimson imps
  2 giant frog zombies (D:12)
  3 jellies
  6 hounds
  3 gnoll shamans
  20 orc priests
  13 iguanas
  2 giant frog skeletons
  20 orc wizards
  28 worker ants
  Natasha (twice) (D:2)
  6 hell rats (Lair:6)
  36 sheep
  2 hound skeletons
  A howler monkey skeleton (D:10)
  11 adders
  13 gnolls
  38 river rats
  5 shadow imps
  2 oozes
  An adder zombie (D:7)
  4 worms
  2 dart slugs
  7 giant geckos
  85 orcs
  A ball python (D:2)
  9 giant cockroaches
  3 goblins (D:1)
  3 hobgoblins (D:1)
  10 jackals
  6 quokkas
  4 bats
  A giant gecko zombie (D:6)
  7 giant newts
  A jackal skeleton (D:5)
  6 kobolds
  6 rats
  10 fungi
  6 plants
858 creatures vanquished.

Vanquished Creatures (others)
  A giant frog (D:4)
  A worker ant zombie (D:4)
  A dart slug (D:4)
  2 giant geckos (D:4)
  A quokka (D:4)
  A ball python (D:4)
  16 fungi
  24 plants
47 creatures vanquished.

Grand Total: 933 creatures vanquished

Notes
Turn   | Place    | Note
--------------------------------------------------------------
     0 | D:1      | matakusis the Deep Elf Summoner began the quest for the Orb.
     0 | D:1      | Reached XP level 1. HP: 10/10 MP: 6/6
   178 | D:1      | Reached XP level 2. HP: 12/15 MP: 4/8
   189 | D:1      | Learned a level 2 spell: Call Imp
   376 | D:1      | Reached skill level 5 in Summonings
   817 | D:1      | Reached XP level 3. HP: 19/19 MP: 3/10
   888 | D:2      | Learned a level 3 spell: Summon Guardian Golem
   896 | D:2      | Found a faded altar to an unknown god.
  1094 | D:2      | Noticed Natasha
  1098 | D:2      | Killed Natasha
  1206 | D:2      | Noticed Natasha
  1214 | D:2      | Killed Natasha
  1214 | D:2      | Reached XP level 4. HP: 18/24 MP: 8/12
  1224 | D:2      | Learned a level 4 spell: Summon Lightning Spire
  1335 | D:2      | Noticed Natasha
  1352 | D:2      | Killed Natasha
  1619 | D:3      | Reached skill level 6 in Summonings
  2163 | D:4      | Reached XP level 5. HP: 28/28 MP: 4/14
  2352 | D:4      | Found a large runed door.
  2353 | D:4      | Found a large runed door.
  2401 | D:4      | Learned a level 4 spell: Summon Ice Beast
  2408 | D:4      | Found a large runed door.
  2408 | D:4      | Found a large runed door.
  2426 | D:4      | Noticed a slave
  2426 | D:4      | Noticed a slave
  2429 | D:4      | Noticed Pikel
  2431 | D:4      | Noticed a slave
  2433 | D:4      | Killed a slave
  2434 | D:4      | Noticed a slave
  2438 | D:4      | Killed a slave
  2442 | D:4      | Killed Pikel
  2442 | D:4      | Reached skill level 7 in Summonings
  2442 | D:4      | Reached XP level 6. HP: 15/32 MP: 13/17
  2917 | D:4      | Reached XP level 7. HP: 36/36 MP: 13/18
  3026 | D:4      | Reached skill level 8 in Summonings
  3622 | D:5      | Entered Level 5 of the Dungeon
  3816 | D:5      | Found a staircase to the Ecumenical Temple.
  3818 | D:5      | Noticed Grinder
  3835 | D:5      | Killed Grinder
  3846 | Temple   | Entered the Ecumenical Temple
  3999 | Temple   | Became a worshipper of Sif Muna the Loreminder
  4170 | D:5      | Found a snail-covered altar of Cheibriados.
  4453 | D:5      | Noticed Eustachio
  4464 | D:5      | Killed Eustachio
  4732 | D:5      | Reached skill level 9 in Summonings
  4804 | D:6      | Noticed a spriggan
  4810 | D:6      | Killed a spriggan
  4823 | D:6      | Noticed a spriggan
  4828 | D:6      | Killed a spriggan
  4828 | D:6      | Reached XP level 8. HP: 41/41 MP: 12/21
  4844 | D:6      | Reached * piety under Sif Muna
  4960 | D:6      | Reached skill level 10 in Summonings
  5069 | D:6      | Noticed alexandrvrp's ghost (novice VSGl)
  5073 | D:6      | Killed alexandrvrp's ghost
  5073 | D:6      | Reached skill level 1 in Shields
  5192 | D:6      | Reached ** piety under Sif Muna
  5558 | D:7      | Reached XP level 9. HP: 38/45 MP: 10/24
  5581 | D:7      | Reached skill level 11 in Summonings
  5793 | D:6      | Got a polished dagger
  5799 | D:6      | Identified the cursed +0 dagger "Jismoekiwk" {vamp, +Fly rC+ Dex-3} (You found it on level 6 of the Dungeon)
  5810 | D:6      | Found a shattered altar of Ashenzari.
  6045 | D:7      | Reached skill level 10 in Spellcasting
  6114 | D:7      | Found Deannuar's Antique Weapon Shop.
  6119 | D:7      | Noticed a kobold demonologist
  6129 | D:7      | Killed a kobold demonologist
  6640 | D:7      | Reached *** piety under Sif Muna
  6999 | D:8      | You fall through a shaft!
  7138 | D:9      | Reached skill level 12 in Summonings
  7773 | D:9      | Noticed a gargoyle
  7785 | D:9      | Killed a gargoyle
  7951 | D:9      | Found a shimmering altar of Xom.
  7951 | D:9      | Found a shimmering altar of Xom.
  7951 | D:9      | Found a shimmering altar of Xom.
  7952 | D:9      | Found a shimmering altar of Xom.
  8013 | D:9      | Found a white marble altar of Elyvilon.
  8013 | D:9      | Found an ancient bone altar of Kikubaaqudgha.
  8123 | D:10     | Entered Level 10 of the Dungeon
  8170 | D:10     | Found a shimmering altar of Xom.
  8186 | D:10     | Reached XP level 10. HP: 50/50 MP: 11/27
  8194 | D:10     | Reached **** piety under Sif Muna
  8213 | D:10     | Killed an unseen horror
  8696 | D:10     | Learned a level 4 spell: Cause Fear
  8732 | D:10     | Found a staircase to the Lair.
  8853 | Lair:1   | Entered Level 1 of the Lair of Beasts
  8861 | Lair:1   | Noticed Prince Ribbit
  8869 | Lair:1   | Killed Prince Ribbit
  8876 | Lair:1   | Reached skill level 13 in Summonings
  8880 | Lair:1   | Reached ***** piety under Sif Muna
  9010 | Lair:1   | Noticed a spiny frog
  9013 | Lair:1   | Killed a spiny frog
  9510 | Lair:1   | Noticed a spiny frog
  9514 | Lair:1   | Killed a spiny frog
  9546 | Lair:1   | Noticed a six-headed hydra
  9554 | Lair:1   | Killed a six-headed hydra
  9554 | Lair:1   | Reached skill level 14 in Summonings
  9568 | Lair:1   | Reached XP level 11. HP: 54/54 MP: 4/29
  9762 | Lair:1   | Noticed Harold
  9778 | Lair:1   | Killed Harold
  9929 | Lair:1   | Noticed Fannar
  9942 | Lair:1   | Killed Fannar
 10253 | Lair:2   | Reached ****** piety under Sif Muna
 10326 | Lair:2   | Received a gift from Sif Muna
 10327 | Lair:2   | Identified Sif Muna's Guide on Toxic Damage Dealing (Sif Muna gifted it to you on level 2 of the Lair of Beasts)
 10527 | Lair:2   | Noticed Urug
 10561 | Lair:2   | Killed Urug
 10821 | Lair:2   | Got a steaming copper ring
 10823 | Lair:2   | Identified the ring "Nicink" {MR+ Int+3} (You found it on level 2 of the Lair of Beasts)
 10995 | Lair:2   | Identified the Almanac of the Icy Escort
 11941 | Lair:3   | Reached skill level 15 in Summonings
 12657 | Lair:4   | Found a dark tunnel.
 12671 | Volcano  | Entered a volcano
 12696 | Volcano  | Found a bloodstained altar of Trog.
 12698 | Volcano  | Noticed an orc sorcerer
 12720 | Volcano  | Killed an orc sorcerer
 12757 | Volcano  | HP: 1/54 [orc warrior/trident of flaming (2)]
 12972 | Lair:4   | Noticed a lindwurm
 13003 | Lair:4   | Killed a lindwurm
 13121 | Lair:4   | Noticed Snorg
 13129 | Lair:4   | Noticed a five-headed hydra
 13132 | Lair:4   | Killed Snorg
 13136 | Lair:4   | Killed a five-headed hydra
 13136 | Lair:4   | Reached skill level 5 in Shields
 13293 | Lair:4   | Noticed a queen ant
 13314 | Lair:4   | Reached XP level 12. HP: 59/59 MP: 18/32
 13337 | Lair:4   | Killed a queen ant
 13337 | Lair:4   | Received a gift from Sif Muna
 13338 | Lair:4   | Identified Sif Muna's Catalogue of Dark Poisoning (Sif Muna gifted it to you on level 4 of the Lair of Beasts)
 13347 | Lair:4   | Learned a level 7 spell: Haunt
 13353 | Lair:4   | Learned a level 5 spell: Venom Bolt
 13360 | Lair:4   | Learned a level 2 spell: Cure Poison
 13585 | Lair:4   | Noticed a four-headed hydra
 13590 | Lair:4   | Killed a four-headed hydra
 14169 | Lair:5   | Reached skill level 16 in Summonings
 14561 | Lair:5   | You fall through a shaft for 3 floors!
 14561 | Lair:8   | Entered Level 8 of the Lair of Beasts
 14561 | Lair:8   | Noticed a catoblepas
 14592 | Lair:8   | Killed a catoblepas
 14602 | Lair:8   | Reached skill level 15 in Spellcasting
 15436 | Lair:8   | Reached skill level 1 in Necromancy
 16872 | Lair:7   | Reached skill level 17 in Summonings
 17043 | Lair:7   | Received a gift from Sif Muna
 17277 | Lair:7   | Learned a level 5 spell: Bolt of Draining
 17286 | Lair:7   | Reached skill level 1 in Conjurations
 17557 | Lair:7   | Noticed a death yak
 17558 | Lair:7   | Noticed a death yak
 17559 | Lair:7   | Noticed a death yak
 17575 | Lair:7   | Killed a death yak
 17575 | Lair:7   | Killed a death yak
 17575 | Lair:7   | Reached XP level 13. HP: 30/63 MP: 0/34
 17813 | Lair:7   | Found a staircase to the Slime Pits.
 18744 | Lair:7   | Learned a level 2 spell: Corpse Rot
 19076 | Lair:6   | Found a staircase to the Shoals.
 19293 | Lair:6   | Found a hole to the Spider Nest.
 20708 | Lair:5   | You fall through a shaft for 2 floors!
 21080 | D:11     | Found a sacrificial altar of Ru.
 21919 | D:12     | Noticed Turgon's ghost (novice DDFi)
 21933 | D:12     | Killed Turgon's ghost
 22224 | D:12     | Found a staircase to the Orcish Mines.
 22375 | D:12     | Received a gift from Sif Muna
 22390 | D:12     | Reached skill level 18 in Summonings
 22454 | D:12     | Identified Sif Muna's Incunabulum of Dark Magic and Malediction (Sif Muna gifted it to you on level 12 of the Dungeon)
 22539 | D:12     | Learned a level 5 spell: Summon Mana Viper
 22985 | Orc:1    | Entered Level 1 of the Orcish Mines
 22990 | Orc:1    | Reached skill level 5 in Dodging
 23384 | Orc:1    | Found a roughly hewn altar of Beogh.
 23934 | Orc:1    | Found Juinloin's Book Boutique.
 24108 | Orc:2    | Entered Level 2 of the Orcish Mines
 24151 | Orc:2    | Found Xutownooch's Distillery.
 24190 | Orc:2    | Found Ruwopec's Magic Scroll Shoppe.
 24322 | Orc:2    | Bought a potion of heal wounds for 85 gold pieces
 24324 | Orc:2    | Bought a scroll of teleportation for 45 gold pieces
 24324 | Orc:2    | Bought a scroll of teleportation for 45 gold pieces
 24324 | Orc:2    | Bought a scroll of teleportation for 45 gold pieces
 24472 | Orc:2    | Found a roughly hewn altar of Beogh.
 24472 | Orc:2    | Found a staircase to the Elven Halls.
 25003 | Orc:2    | Reached XP level 14. HP: 68/68 MP: 14/36
 25138 | Orc:2    | Slain by a sixfirhy

Skill      XL: |  1  2  3  4  5  6  7  8  9 10 11 12 13 |
---------------+----------------------------------------+-----
Summonings     | 5 6 7 9 10 12 14 15 17 18 | 18.4
Spellcasting   | 4 6 7 9 11 12 14 15 16 | 16.8
Shields        | 1 2 3 5 6 7 |  7.1
Necromancy     | 1 |  1.0
Dodging        | 3 5 |  5.8
Conjurations   | 1 4 |  4.0
Staves         | |  0.4
Stealth        | |  2.4

Action                   |  1- 3 |  4- 6 |  7- 9 | 10-12 | 13-15 || total
-------------------------+-------+-------+-------+-------+-------++-------
Melee: Unarmed           |     2 |       |       |       |       ||     2
       Spear             |    39 |    43 |     6 |       |       ||    88
       Dagger            |     2 |       |       |       |       ||     2
       Staff             |       |       |    40 |    69 |    66 ||   175
Throw: Throwing net      |       |       |       |       |     1 ||     1
 Cast: Summon Small Mamm |    19 |       |       |       |       ||    19
       Call Imp          |    24 |     8 |       |    11 |     4 ||    47
       Summon Lightning  |       |    16 |    59 |   125 |    93 ||   293
       Summon Ice Beast  |       |     2 |    78 |   182 |   143 ||   405
       Cause Fear        |       |       |       |     4 |     2 ||     6
       Haunt             |       |       |       |     4 |    27 ||    31
       Bolt of Draining  |       |       |       |     4 |     2 ||     6
       Cure Poison       |       |       |       |     4 |       ||     4
       Venom Bolt        |       |       |       |     1 |       ||     1
       Summon Mana Viper |       |       |       |       |     4 ||     4
Invok: Channel Energy    |       |       |       |     4 |    36 ||    40
 Abil: Evoke Flight      |       |       |       |     3 |       ||     3
       Stop Flying       |       |       |       |     1 |       ||     1
Evoke: Lamp of fire      |       |       |       |     1 |       ||     1
       Sack of spiders   |       |       |       |       |     3 ||     3
       Fan of gales      |       |       |       |       |     1 ||     1
  Use: Potion            |       |     6 |     3 |     6 |    10 ||    25
       Scroll            |       |     6 |    13 |    12 |     4 ||    35
 Stab: Sleeping          |     1 |     2 |     1 |       |       ||     4
       Distracted        |     1 |     1 |     2 |     1 |     2 ||     7
  Eat: Chunk             |     2 |     8 |    13 |    27 |    18 ||    68
       Fruit             |       |       |     3 |       |     2 ||     5
       Meat ration       |       |       |     1 |     2 |     1 ||     4
       Beef jerky        |       |       |     2 |     1 |     2 ||     5
       Pizza             |       |       |       |     1 |       ||     1
       Bread ration      |       |       |       |       |     1 ||     1
       Royal jelly       |       |       |       |       |     1 ||     1
Armor: Robe              |     7 |    11 |    26 |    35 |    24 ||   103
Dodge: Dodged            |    36 |    27 |    40 |    84 |    79 ||   266
Block: Buckler           |       |       |    20 |    68 |    62 ||   150
